 Dungeon Crawl Stone Soup version 0.29-a0-231-g945431f764 (webtiles) character file.

Game seed: 1721966247157644730

98 Gargoyl the Skirmisher (level 4, -1/29 HPs)
             Began as a Gargoyle Abyssal Knight on Mar 1, 2022.
             Was a Follower of Lugonu.
             Slain by a gnoll
             ... wielding a +0 halberd
              (5 damage)
             ... on level 3 of the Dungeon.
             The game lasted 00:02:24 (3096 turns).

Gargoyl the Skirmisher (Gargoyle Abyssal Knight)    Turns: 3096, Time: 00:02:24

Health: -1/29      AC: 13    Str: 18    XL:     4   Next: 69%
Magic:  6/6        EV:  7    Int: 11    God:    Lugonu [*.....]
Gold:   158        SH:  0    Dex: 10    Spells: 3/3 levels left

rFire   . . .      SeeInvis .   d - +2 dagger (venom)
rCold   . . .      Faith    .   (no shield)
rNeg    + . .      Spirit   .   i - +0 chain mail
rPois   ∞          Reflect  .   (no helmet)
rElec   +          Harm     .   (no cloak)
rCorr   .          Rampage  .   g - +0 pair of gloves
Will    .....                   (no boots)
Stlth   ..........              (no amulet)
HPRegen 0.09/turn               (no ring)
MPRegen 0.10/turn               (no ring)

@: no status effects
A: sickness immunity, AC +3, negative energy resistance 1, electricity
resistance, torment resistance 1, petrification resistance
a: Renounce Religion, Depart the Abyss


You were on level 3 of the Dungeon.
You worshipped Lugonu.
Lugonu was aware of your devotion.
You visited 1 branch of the dungeon, and saw 3 of its levels.
You visited the Abyss 1 time.

You collected 158 gold pieces.

Inventory:

Hand Weapons
 a - a +1 hand axe
 d - a +2 dagger of venom (weapon)
Missiles
 l - 6 poisoned darts (quivered)
Armour
 g - a +0 pair of gloves (worn)
 i - a +0 chain mail (worn)
Wands
 b - a wand of digging (5)
Scrolls
 e - a scroll of identify {unknown}
 f - a scroll of immolation {unknown}
 k - a scroll of teleportation {unknown}
Potions
 c - 2 potions of lignification {unknown}
 h - 2 potions of curing {unknown}
 j - a potion of heal wounds {unknown}


   Skills:
 + Level 3.9 Fighting
 + Level 1.2 Short Blades
 + Level 2.3 Axes
 + Level 2.8 Armour
 + Level 1.1 Dodging
 + Level 0.6 Stealth
 * Level 2.8 Invocations


You had 3 spell levels left.
You didn't know any spells.
Your spell library contained the following spells:

 Spells                   Type           Power      Damage    Failure   Level
 Corpse Rot               Necr/Air       0%         N/A       100%        2
 Poisonous Vapours        Pois/Air       0%         N/A       100%        2


Dungeon Overview and Level Annotations

Branches:
Dungeon (3/15)

Altars:
Okawaru


Innate Abilities, Weirdness & Mutations

You are immune to sickness and miasma.
Your stone body is resilient. (AC +3)
You are immune to poison.
You resist negative energy. (rN+)
You are resistant to electric shocks. (rElec)
You are resistant to unholy torment.
You are immune to petrification.


Message History

The gnoll hits you but does no damage. The gnoll barely misses you.
The gnoll barely misses you.
There is a stone staircase leading up here.
The gnoll hits you from afar with a +0 halberd.
* * * LOW HITPOINT WARNING * * *
The gnoll hits you but does no damage.
You climb upwards.
There is a stone staircase leading down here.
Things that are here:
a +2 short sword of flaming; a kobold skeleton You start resting.
HP restored.
You climb downwards.
There is a stone staircase leading up here.
The gnoll hits you with a +0 halberd. x2
You hit the gnoll.
The gnoll is poisoned.
The gnoll is moderately wounded.
The gnoll hits you with a +0 halberd. The gnoll hits you but does no damage.
You closely miss the gnoll.
The gnoll is moderately wounded.
The gnoll barely misses you. The gnoll hits you with a +0 halberd.
You hit the gnoll.
The gnoll looks as sick as possible!
The gnoll is severely wounded.
You kill the gnoll!
Lugonu accepts your kill. The gnoll hits you but does no damage.
Your Short Blades skill increases to level 1!
The gnoll closely misses you.
Things that are here:
a +0 halberd; a gnoll corpse You closely miss the gnoll.
The gnoll hits you with a +0 halberd.
You barely miss the gnoll. The gnoll hits you but does no damage.
You hit the gnoll.
The gnoll is poisoned.
The gnoll is lightly wounded.
The gnoll hits you with a +0 halberd!
* * * LOW HITPOINT WARNING * * *
You hit the gnoll.
The gnoll looks as sick as possible!
The gnoll is heavily wounded.
The gnoll hits you with a +0 halberd.
You die...

#########
#######......^#######
...##...g.<.........
####.##..#@#...#.####.
#..........##.## # #
#.##.##..#....#
#.##.##.##.......#
#.......##.##.##.#
####.K.g##.........
#..#g###.......##
##..g# .......# ##.##
.......


You could see a gnoll (extremely poisoned).

Vanquished Creatures
  3 gnolls
  An adder (D:2)
  A worm (D:2)
  3 dart slugs
  3 ball pythons (D:1)
  3 bats
  2 endoplasms (D:2)
  4 goblins (D:2)
  4 hobgoblins
  4 jackals (D:1)
  3 quokkas
  4 frilled lizards
  7 kobolds
  6 rats
48 creatures vanquished.

Notes
Turn   | Place    | Note
-------+----------+-------------------------------------------
     0 | Abyss:1  | Gargoyl the Gargoyle Abyssal Knight began the quest for the
                  | Orb.
     0 | Abyss:1  | Reached XP level 1. HP: 14/14 MP: 2/2
     0 | D:1      | Escaped the Abyss
    78 | D:1      | Reached XP level 2. HP: 19/19 MP: 3/3
   207 | D:1      | Found a faded altar of an unknown god.
   360 | D:1      | Reached * piety under Lugonu
   910 | D:1      | Reached XP level 3. HP: 23/23 MP: 4/4
  1255 | D:2      | Found an iron altar of Okawaru.
  1349 | D:2      | Identified the +4 hunting sling of Kismet {venom, Will++}
  1372 | D:2      | Reached skill level 1 in Dodging
  1942 | D:2      | Reached XP level 4. HP: 29/29 MP: 5/5
  3092 | D:3      | Reached skill level 1 in Short Blades
  3096 | D:3      | Slain by a gnoll

Illustrated notes

Levels and vault maps discovered:
D:1:      scummos_arrival_forest, layout_basic,
          shapermc_ecumenical_altar_hornbeckon
D:2:      layout_loops_ring, basic_altar, chequers_serial_rivers_micro_d
D:3:      layout_loops_cross, fedhas_ov_isle_minmay, led_sif_book

Skill      XL: |  1  2  3  4 |
---------------+-------------+-----
Axes           | 2 |  2.3
Dodging        | 1 |  1.1
Short Blades   | 1 |  1.2
Fighting       | |  3.9
Armour         | |  2.8
Stealth        | |  0.6
Invocations    | |  2.8

Action                   |  1- 3 |  4- 6 || total
-------------------------+-------+-------++-------
Melee: Hand axe          |    13 |       ||    13
       Dagger            |    92 |    37 ||   129
       Punch             |     2 |       ||     2
Invok: Depart the Abyss  |     1 |       ||     1
  Use: Scroll            |     1 |       ||     1
Armor: Leather armour    |    23 |       ||    23
       Chain mail        |    18 |    27 ||    45
       Ring mail         |    10 |       ||    10
Dodge: Dodged            |    49 |    18 ||    67

Table legend: (Time is in decaauts)
 A = Elapsed time spent in this place.
 B = Non-inter-level travel time spent in this place.
 C = Inter-level travel time spent in this place.
 D = Time resting spent in this place.
 E = Time spent auto-exploring this place.
 F = Levels seen in this place.
 G = Mean time per level.
                   A        B        C        D        E       F      G
               +--------+--------+--------+--------+--------+-----+--------+
         Total |   3108 |   3010 |     98 |    773 |   1763 |   4 |  777.0 |
       Dungeon |   3108 |   3010 |     98 |    773 |   1763 |   3 | 1036.0 |
         Abyss |      0 |      0 |      0 |      0 |      0 |   1 |    0.0 |
               +--------+--------+--------+--------+--------+-----+--------+

Top non-repeatable levels by time:
     D:2: 1781 daAuts
     D:1: 1230 daAuts
     D:3: 96 daAuts
